 Dungeon Crawl Stone Soup version 0.31-a0-889-g1a8549509d (webtiles) character file.

Game seed: 8605630268971134104

123 Error4North the Ruffian (level 4, -5/36 HPs)
             Began as a Draconian Shapeshifter on Oct 17, 2023.
             Killed by divine providence
             ... invoked by an orc priest
              (11 damage)
             ... on level 3 of the Dungeon.
             The game lasted 00:08:07 (2487 turns).

Error4North the Ruffian (Draconian Shapeshifter)    Turns: 2487, Time: 00:08:07

Health: -5/36      AC:  5    Str: 18    XL:     4   Next: 80%
Magic:  4/4        EV: 12    Int: 11    God:
Gold:   104        SH:  0    Dex: 10    Spells: 3/3 levels left

rFire   . .          .
                       - Unarmed
rCold   . . .        (no shield)
rNeg    . . .        (body armour unavailable)
rPois   .            (helmet currently unavailable)
rElec   .            (cloak currently unavailable)
rCorr   .            (gloves currently unavailable)
SInv    .            (boots currently unavailable)
Will    .....        (no amulet)
Stlth   +            (no ring)
HPRegen 0.26/turn    (no ring)
MPRegen 0.09/turn

%: no passive effects
@: beast-form
A: beast (slay +2), AC +5, unfitting armour, cold-blooded
a: Begin Untransformation


You were on level 3 of the Dungeon.
You were a hulking beast.
You visited 1 branch of the dungeon, and saw 3 of its levels.

You collected 104 gold pieces.

Inventory:

Missiles
 g - 2 boomerangs (quivered)
Jewellery
 i - an amulet of regeneration
Talismans
 b - a beast talisman (active)
 c - a flux talisman
Scrolls
 d - 6 scrolls of identify {unknown}
 f - a scroll of revelation {unknown}
 h - a scroll of noise {unknown}
 j - a scroll of fog {unknown}
 k - a scroll of teleportation {unknown}
Potions
 a - 2 potions of lignification
 e - a potion of resistance


   Skills:
 * Level 2.0 Fighting
 + Level 0.1 Throwing
 + Level 2.2 Dodging
 + Level 0.2 Stealth
 + Level 4.2 Unarmed Combat
 * Level 3.9 Shapeshifting


You had 3 spell levels left.
You didn't know any spells.
Your spell library was empty.

Dungeon Overview and Level Annotations

Branches:
Dungeon (3/15)

Altars:

Shops:
D:3 *


Innate Abilities, Weirdness & Mutations

You are a hulking beast.
Your limbs bulge with bestial killing power. (Slay +2)
Your plain brown scales are hard. (AC +5)
You cannot fit into any form of body armour.
You are cold-blooded and may be slowed by cold attacks.


Message History

The orc priest mumbles some strange prayers to Beogh against you.
Pain shoots through your body!
You barely miss the orc priest.
The orc priest is severely wounded.
The orc priest mumbles some strange prayers to Beogh against you.
Beogh smites you!
You hit the orc priest.
You tail-slap the orc priest, but do no damage.
You punch the orc priest.
You kill the orc priest!
Your Fighting skill increases to level 2!
You see here a +0 club.
You hit the endoplasm.
Your tail-slap misses the endoplasm.
The endoplasm is moderately wounded.
You punch the endoplasm!
You kill the endoplasm!
The orc priest shouts!
Things that are here:
a +0 whip; a +0 chain mail The orc priest invokes the aid of Beogh against you.
You barely resist.
The orc priest invokes the aid of Beogh against you.
You barely resist.
The orc shouts!
You closely miss the orc priest.
The orc priest calls down the wrath of Beogh upon you.
Beogh smites you!
* * * LOW HITPOINT WARNING * * *
You hit the orc priest.
Your tail-slap misses the orc priest.
The orc priest is moderately wounded.
The orc priest invokes the aid of Beogh against you.
You barely resist. You barely miss the orc priest.
You tail-slap the orc priest.
The orc priest is moderately wounded.
The orc priest closely misses you.
You completely miss the orc priest.
The orc priest is moderately wounded.
The orc priest mumbles some strange prayers to Beogh against you.
Beogh smites you!
You die...

#####.......... .....#
............... .##>..
#######..# #......... ......
#........####..###..## ......
#...<..........#⌠#.... ###...
#........####..###./##.. #..o
#...........................##
#........#####.o##.......##
#........###.h.##....#..
#...........o###........ #
###########..###........ ....
#.....)#........ ....
#..####..o....... .... #.#
##......... #.. ...
#...#...... #.. .##
.....#.#...# #.. ...##..# .
... #..


You could see an orc priest and an orc.

Vanquished Creatures
  An orc priest (D:3)
  Robin (D:2)
  An adder (D:2)
  A worm (D:2)
  2 orcs
  A ball python (D:2)
  A bat (D:1)
  6 endoplasms
  6 giant cockroaches
  10 goblins
  12 hobgoblins
  3 jackals (D:1)
  3 kobolds
  5 quokkas
  2 frilled lizards (D:1)
  3 rats
58 creatures vanquished.

Notes
Turn   | Place    | Note
-------+----------+-------------------------------------------
     0 | D:1      | Error4North the Draconian Shapeshifter began the quest for
                  | the Orb.
     0 | D:1      | Reached XP level 1. HP: 16/16 MP: 1/1
    88 | D:1      | Reached XP level 2. HP: 18/23 MP: 2/2
   586 | D:1      | Reached XP level 3. HP: 28/28 MP: 3/3
   913 | D:2      | Noticed Robin
  1570 | D:2      | Killed Robin
  1571 | D:2      | Reached XP level 4. HP: 31/35 MP: 4/4
  1970 | D:3      | Noticed an ogre
  1987 | D:3      | Found a faded altar of an unknown god.
  1987 | D:3      | Found Titzo's Assorted Antiques.
  2001 | D:3      | Reached skill level 4 in Unarmed Combat
  2487 | D:3      | Killed from afar by an orc priest

Illustrated notes

Levels and vault maps discovered:
D:1:      wander_arrival_fairy_ring, layout_basic
D:2:      layout_loops_cross, nicolae_hexahallways, uniq_robin
D:3:      cheibrodos_pilgrimage, layout_rooms, general_overflow_altar,
          nicolae_ashenzari_panopticon, biasface_ghost_orc_armoury,
          basic_ecumenical_altar, serial_shops, shop, feat_on_display

Skill      XL: |  1  2  3  4 |
---------------+-------------+-----
Dodging        | 2 |  2.2
Unarmed Combat | 4 |  4.2
Fighting       | 2 |  2.0
Throwing       | |  0.1
Stealth        | |  0.2
Shapeshifting  | |  3.9

Action                     |  1- 3 |  4- 6 || total
---------------------------+-------+-------++-------
  Melee: Unarmed           |   136 |    47 ||   183
         Tailslap          |    13 |     6 ||    19
         Punch             |       |     1 ||     1
  Throw: Boomerang         |     2 |     3 ||     5
    Use: Potion            |       |     2 ||     2
   Stab: Sleeping          |       |     1 ||     1
 Armour: Skin              |    66 |    81 ||   147
  Dodge: Dodged            |    68 |    72 ||   140

Table legend: (Time is in decaauts)
 A = Elapsed time spent in this place.
 B = Non-inter-level travel time spent in this place.
 C = Inter-level travel time spent in this place.
 D = Time resting spent in this place.
 E = Time spent auto-exploring this place.
 F = Levels seen in this place.
 G = Mean time per level.
                   A        B        C        D        E       F      G
               +--------+--------+--------+--------+--------+-----+--------+
         Total |   2479 |   2297 |    182 |    262 |   1449 |   3 |  826.3 |
       Dungeon |   2479 |   2297 |    182 |    262 |   1449 |   3 |  826.3 |
               +--------+--------+--------+--------+--------+-----+--------+

Top non-repeatable levels by time:
     D:2: 1391 daAuts
     D:1: 900 daAuts
     D:3: 187 daAuts
